 Dungeon Crawl Stone Soup version 0.27-a0-597-g524d869a0f (webtiles) character file.

Game seed: 5214912293302423641

316 Lanoc the Skirmisher (level 6, -2/51 HPs)
             Began as a Formicid Hunter on Mar 11, 2021.
             Was a Follower of Trog.
             Slain by a scorpion (7 damage)
             ... on level 5 of the Dungeon.
             The game lasted 00:03:31 (2889 turns).

Lanoc the Skirmisher (Formicid Hunter)              Turns: 2889, Time: 00:03:31

Health: -2/51      AC:  4    Str: 16    XL:     6   Next: 73%
Magic:  6/6        EV: 13    Int: 11    God:    Trog [*.....]
Gold:   87         SH:  0    Dex: 13    Spells: 5/5 levels left

rFire    . . .     SeeInvis +   a - +1 hand crossbow
rCold    . . .     Faith    .   (no shield)
rNeg     . . .     Spirit   .   c - +0 leather armour
rPois    .         Reflect  .   (helmet unavailable)
rElec    .         Harm     .   o - +0 cloak
rCorr    .         Rampage  .   (no gloves)
Will     .....                  (no boots)
Stlth    +.........             (no amulet)
HPRegen  0.17/turn              (no ring)
MPRegen  0.10/turn              (no ring)

@: lethally poisoned (-2 -> -8)
A: permanent stasis, dig shafts and tunnels, antennae 3, four strong arms
a: Dig, Shaft Self, Renounce Religion


You were on level 5 of the Dungeon.
You worshipped Trog.
Trog was aware of your devotion.
You visited 1 branch of the dungeon, and saw 4 of its levels.

You collected 87 gold pieces.

Inventory:

Hand Weapons
 a - a +1 hand crossbow (weapon)
 b - a +0 short sword
Missiles
 d - 34 bolts (quivered ammo)
Armour
 c - a +0 leather armour (worn)
 o - a +0 cloak (worn)
Jewellery
 h - a ring of ice
Wands
 n - a wand of random effects (8)
Scrolls
 i - 2 scrolls of noise {unknown}
 j - a scroll of fog {unknown}
 k - a scroll of identify {unknown}
 p - a scroll of magic mapping {unknown}
Potions
 e - a potion of resistance {unknown}
 f - a potion of ambrosia {unknown}
 g - a potion of lignification
 l - a potion of attraction {unknown}
 m - a potion of curing {unknown}


   Skills:
 + Level 5.0 Fighting
 - Level 4.6 Crossbows
 + Level 4.1 Dodging
 - Level 1.2 Stealth


You had 5 spell levels left.
You didn't know any spells.
Your spell library was empty.

Dungeon Overview and Level Annotations

Branches:
Dungeon (5/15)
 Temple: D:4-7

Altars:
Ru
Trog

Annotations:
D:5 1 runed translucent door, Gonzollydolly's ghost, novice DgTm


Innate Abilities, Weirdness & Mutations

You cannot be hasted, slowed, berserked, paralysed or teleported.
You can dig through walls and to a lower floor.
You have a pair of large antennae on your head. (SInv)
Your four strong arms can wield two-handed weapons with a shield.


Message History

The scorpion is almost dead.
You feel sick. The scorpion stings you.
You are more poisoned.
The scorpion poisons you!
Fire: 39 bolts
Press: ? - help, Q - select action, (/) - cycle Shift-Dir - straight line, f/p - scorpion
Aim: a scorpion (almost dead, 66% to hit)
You shoot a bolt. The bolt barely misses the scorpion.
You feel sick. The scorpion barely misses you.
The scorpion completely misses you.
Fire: 38 bolts
Press: ? - help, Q - select action, (/) - cycle Shift-Dir - straight line, f/p - scorpion
Aim: a scorpion (almost dead, 66% to hit)
You shoot a bolt.
The bolt hits the scorpion but does no damage.
The scorpion is almost dead.
You feel sick. The scorpion stings you!
* * * LOW HITPOINT WARNING * * *
Fire: 37 bolts
Press: ? - help, Q - select action, (/) - cycle Shift-Dir - straight line, f/p - scorpion
Aim: a scorpion (almost dead, 66% to hit)
You shoot a bolt. The bolt barely misses the scorpion.
* * * LOW HITPOINT WARNING * * *
You feel sick.
The scorpion stings you but does no damage.
Fire: 36 bolts
Press: ? - help, Q - select action, (/) - cycle Shift-Dir - straight line, f/p - scorpion
Aim: a scorpion (almost dead, 66% to hit)
You shoot a bolt. The bolt hits the scorpion.
The scorpion is almost dead.
* * * LOW HITPOINT WARNING * * *
You feel sick.
The scorpion stings you but does no damage.
Fire: 35 bolts
Press: ? - help, Q - select action, (/) - cycle Shift-Dir - straight line, f/p - scorpion
Aim: a scorpion (almost dead, 66% to hit)
You shoot a bolt. The bolt barely misses the scorpion.
* * * LOW HITPOINT WARNING * * *
You feel sick. The scorpion closely misses you. The scorpion stings you!
You die...

.. ## .# .#.. .#. ..
##.# ###. ##s.#...).
#######.@.......
#.....?..###.#.#
#....(...# #.#.#
#........# #.#.##
#....<...# ....###
....!....#####....#
..#....#...รท.>....###
.......######.......#
..##[.. #.......#


You could see a scorpion.

Vanquished Creatures
  Sigmund (D:2)
  A scorpion (D:5)
  An iguana (D:5)
  3 adders
  2 worms (D:2)
  A leopard gecko (D:2)
  5 giant cockroaches
  3 goblins
  6 hobgoblins
  4 jackals (D:1)
  8 bats
  A frilled lizard (D:1)
  3 kobolds
  9 rats
48 creatures vanquished.

Vanquished Creatures (others)
  A plant (D:2)
1 creature vanquished.

Grand Total: 49 creatures vanquished

Notes
Turn   | Place    | Note
-------+----------+-------------------------------------------
     0 | D:1      | Lanoc the Formicid Hunter began the quest for the Orb.
     0 | D:1      | Reached XP level 1. HP: 16/16 MP: 1/1
   217 | D:1      | Reached XP level 2. HP: 20/23 MP: 2/2
   245 | D:1      | HP: 1/23 [jackal (2)]
  1018 | D:1      | Reached XP level 3. HP: 21/28 MP: 3/3
  1664 | D:2      | Found a faded altar of an unknown god.
  1670 | D:2      | Became a worshipper of Trog the Wrathful
  1670 | D:2      | Reached * piety under Trog
  1817 | D:2      | Reached XP level 4. HP: 31/34 MP: 4/4
  1869 | D:2      | Noticed Sigmund
  1888 | D:2      | Reached skill level 3 in Fighting
  1890 | D:2      | Killed Sigmund
  1891 | D:2      | Reached skill level 4 in Fighting
  1891 | D:2      | Reached XP level 5. HP: 4/43 MP: 5/5
  1891 | D:2      | Reached XP level 6. HP: 4/49 MP: 6/6
  2307 | D:2      | Found a sacrificial altar of Ru.
  2417 | D:3      | You fall into a shaft and drop 2 floors!
  2417 | D:5      | Entered Level 5 of the Dungeon
  2722 | D:5      | Reached skill level 5 in Fighting
  2823 | D:5      | Noticed Gonzollydolly's ghost (novice DgTm)
  2827 | D:5      | Found a runed translucent door.
  2889 | D:5      | Slain by a scorpion

Illustrated notes

Levels and vault maps discovered:
D:1:      dpeg_arrival_prison, layout_basic, serial_co_window_serial,
          co_window_paths_b, co_window_paths_a, co_window_of_opportunity_a,
          co_window_corner_a, co_window_paths_a, co_window_corner_ca,
          co_window_unsneaky_path_a, co_window_broadway_b,
          co_window_unsneaky_path_e, co_window_unsneaky_path_e, glass_columns_a
D:2:      minmay_general_purpose_star, layout_basic,
          grunt_temple_overflow_opulence, general_overflow_altar,
          chequers_ecumenical_altar_lobes, uniq_sigmund
D:3:      layout_basic
D:5:      layout_loops_ring, grunt_temple_overflow_bloody_war,
          hellmonk_ghost_happy_afterlife, nicolae_underground_beach,
          uniq_eustachio, uniq_blork_the_orc

Skill      XL: |  1  2  3  4  5  6 |
---------------+-------------------+-----
Dodging        | 2 3 4 |  4.1
Fighting       | 4 5 |  5.0
Crossbows      | |  4.6
Stealth        | |  1.2

Action                   |  1- 3 |  4- 6 || total
-------------------------+-------+-------++-------
Melee: Short sword       |   123 |    40 ||   163
 Fire: Hand crossbow     |     8 |    40 ||    48
  Use: Potion            |       |     1 ||     1
 Stab: Sleeping          |     1 |     1 ||     2
Armor: Leather armour    |    40 |    19 ||    59
       Skin              |       |     4 ||     4
Dodge: Dodged            |    83 |    51 ||   134

Table legend: (Time is in decaauts)
 A = Elapsed time spent in this place.
 B = Non-inter-level travel time spent in this place.
 C = Inter-level travel time spent in this place.
 D = Time resting spent in this place.
 E = Time spent auto-exploring this place.
 F = Levels seen in this place.
 G = Mean time per level.
                   A        B        C        D        E       F      G
               +--------+--------+--------+--------+--------+-----+--------+
         Total |   2914 |   2852 |     62 |      0 |   2394 |   4 |  728.5 |
       Dungeon |   2914 |   2852 |     62 |      0 |   2394 |   4 |  728.5 |
               +--------+--------+--------+--------+--------+-----+--------+

Top non-repeatable levels by time:
     D:1: 1313 daAuts
     D:2: 1026 daAuts
     D:5: 477 daAuts
     D:3: 97 daAuts
